 Dungeon Crawl Stone Soup version 0.31.0-12-g77e489cdc1 (webtiles) character file.

Game seed: 3104053402177772927

2238 spaghetti the Grappler (level 9, -9/86 HPs)
             Began as an Oni Chaos Knight on Mar 2, 2024.
             Was a Plaything of Xom.
             Mangled by a two-headed ogre
             ... wielding a +0 giant club
              (34 damage)
             ... on level 5 of the Dungeon.
             The game lasted 00:07:21 (6551 turns).

spaghetti the Grappler (Oni Chaos Knight)           Turns: 6551, Time: 00:07:21

Health: -9/86      AC:  5    Str: 27    XL:     9   Next: 36%
Magic:  13/13      EV:  9    Int: 10    God:    Xom [*.....]
Gold:   231        SH:  0    Dex:  6    Spells: 6/13 levels left

rFire   . . .        q - +0 falchion of Distant Shores {venom, rC+ Str+5 Int-3}
rCold   . . .        (no shield)
rNeg    . . .        a - +2 robe
rPois   +            (helmet restricted)
rElec   .            (no cloak)
rCorr   .            (gloves unavailable)
SInv    .            (boots unavailable)
Will    .....        (no amulet)
Stlth   +            m - ring of poison resistance
HPRegen 0.34/turn    (no ring)
MPRegen 0.13/turn

%: no passive effects
@: no status effects
A: large, unfitting armour, horns 1, tough skin 1, double potion healing,
drunken brawling, talons 1, clumsy 1, frail 1, cold vulnerability 1
a: Renounce Religion


You were on level 5 of the Dungeon.
You worshipped Xom.
You were a special plaything of Xom.
You visited 1 branch of the dungeon, and saw 8 of its levels.

You collected 231 gold pieces.

Inventory:

Hand Weapons
 q - the +0 falchion of Distant Shores (weapon) {venom, rC+ Str+5 Int-3}
   (You found it on level 5 of the Dungeon)

   Str+5:     It affects your strength (+5).
   Int-3:     It affects your intelligence (-3).
   rC+:       It protects you from cold.
Missiles
 i - 2 javelins
 j - 2 silver javelins
 k - 12 poisoned darts
Armour
 a - a +2 robe (worn)
 b - a +0 robe of fire resistance
 p - a scarf of shadows
Magical Staves
 e - a staff of alchemy
Jewellery
 m - a ring of poison resistance (left hand)
Wands
 o - a wand of quicksilver (11)
Scrolls
 c - 4 scrolls of enchant weapon
 h - a scroll of amnesia
Potions
 d - 3 potions of curing
 f - 2 potions of brilliance
 g - a potion of degeneration
 n - a potion of heal wounds
Miscellaneous
 l - a phantom mirror


   Skills:
 + Level 8.1 Fighting
 - Level 2.1 Dodging
 - Level 8.1 Unarmed Combat
 + Level 2.8 Spellcasting
 + Level 2.3 Summonings
 + Level 0.7 Ice Magic
 + Level 0.7 Earth Magic
 + Level 4.4 Evocations


You had 6 spell levels left.
You knew the following spells:

 Your Spells              Type           Power      Damage    Failure   Level
a - Summon Ice Beast      Ice/Summ       4%         N/A       41%         3
b - Animate Armour        Summ/Erth      8%         N/A       83%         4

Your spell library contained the following spells:

 Spells                   Type           Power      Damage    Failure   Level
 Lesser Beckoning         Tloc           2%         N/A       41%         2
 Hailstorm                Conj/Ice       2%         3d5       58%         3
 Stone Arrow              Conj/Erth      4%         3d7       58%         3
 Gell's Gravitas          Tloc           1%         N/A       65%         3
 Teleport Other           Tloc           1%         N/A       65%         3
 Volatile Blastmotes      Fire/Tloc      2%         2d10      65%         3
 Fulminant Prism          Conj/Alch      0%         3d5       96%         4
 Iskenderun's Mystic Bla  Conj/Tloc      1%         2d3       96%         4
 Sculpt Simulacrum        Ice/Alch       1%         N/A       100%        6
 Lehudib's Crystal Spear  Conj/Erth      1%         10d2      100%        8


Dungeon Overview and Level Annotations

Branches:
Dungeon (8/15)             Temple (0/1) D:7
   Lair: D:8-11

Altars:
Ashenzari
Cheibriados
Hepliaklqana
Okawaru

Annotations:
D:7 2 transporters, lordive's ghost, novice TrSh


Innate Abilities, Weirdness & Mutations

You are too large for most types of armour.
You have a pair of small horns on your head.
You have tough skin. (AC +1)
You gain doubled healing and magic from potions.
Whenever you drink a healing potion, you attack all around you.
You have sharp toenails.
You are clumsy. (Dex -2)
You are frail. (-10% HP)
You are vulnerable to cold. (rC-)


Message History

The liquid fire burns you!
* * * LOW HITPOINT WARNING * * *
Unknown command.
You savour every drop.
You feel better. The liquid fire burns you! The adder bites you.
Unknown command.
Unknown command.
You shake off the liquid fire.
You closely miss the adder. Your kick misses the adder.
A two-headed ogre comes into view. It is wielding two +0 giant clubs.
The adder bites you. The adder bites you but does no damage.
You hit the adder.
The adder is poisoned.
Your kick misses the adder. Your headbutt misses the adder.
The adder is heavily wounded.
The adder bites you but does no damage.
You miss the adder. You claw the adder, but do no damage.
You headbutt the adder.
The adder is almost dead.
You almost hear Xom's maniacal laughter.
You briefly become tangled in your robes.
You are now a special plaything of Xom.
The adder completely misses you. The adder bites you but does no damage.
Unknown command.
You closely miss the adder. You claw the adder.
You kill the adder!
The orc hits you with a +0 short sword.
* * * LOW HITPOINT WARNING * * *
Unknown command.
Unknown command.
Unknown command.
You hit the orc.
The orc is poisoned.
You claw the orc.
You kill the orc!
The orc priest looks encouraged for a moment.
You hit the two-headed ogre.
The two-headed ogre is poisoned.
You headbutt the two-headed ogre!
The two-headed ogre is moderately wounded.
The two-headed ogre hits you with a +0 giant club!!
You die...
Xom chortles!

...... # . #. ...... #.#
###. # #. #.....##.# ...
.# #. #...##..#.###.# .#
#. #......##o....##.# #.
#..#...# #†o..# #.
#......# ##...# #.
####.#...# #O######### #.
....#....## ##@##......#
##
####.#.)).#####..##.###.##
#....†...........# #.##
###.#.#..#######.# #..###
##≈ #.#.#..........#
#....###≈≈#
#.#.#.#####.####
#.##..##≈≈≈ #.#.#.# #.#
#.#...#≈≈≈# #.#.#.# #.#
#...~~≈≈≈≈~ #.#.#.#
#.######..~.~~≈≈~~


You could see a two-headed ogre (very poisoned) and an orc priest.

Vanquished Creatures
  Prince Ribbit (D:7)
  Menkaure (D:7)
  2 water moccasins
  An ice beast (D:7)
  An ogre (D:5)
  A sky beast (D:6)
  3 centaurs (D:7)
  A kobold brigand (D:7)
  A phantom (D:4)
  A bullfrog (D:7)
  3 scorpions
  A bombardier beetle (D:5)
  A jelly (D:6)
  5 orc priests
  2 hounds (D:5)
  A sleepcap (D:5)
  An iguana (D:7)
  8 orc wizards
  4 gnolls (D:3)
  6 adders
  A shadow imp (D:7)
  A white imp (D:7)
  3 ribbon worms (D:2)
  20 orcs
  11 endoplasms
  2 giant cockroaches
  11 goblins
  3 hobgoblins (D:2)
  2 jackals (D:1)
  5 quokkas
  3 ball pythons
  4 bats
  A frilled lizard (D:1)
  18 kobolds
  2 rats (D:3)
132 creatures vanquished.

Vanquished Creatures (collateral kills)
  An orc warrior (D:7)
  An orc wizard (D:7)
2 creatures vanquished.

Grand Total: 134 creatures vanquished

Notes
Turn   | Place    | Note
-------+----------+-------------------------------------------
     0 | D:1      | spaghetti the Oni Chaos Knight began the quest for the Orb.
     0 | D:1      | Reached XP level 1. HP: 24/24 MP: 1/1
   122 | D:1      | Reached XP level 2. HP: 29/32 MP: 2/2
   244 | D:1      | XOM: silly message
   350 | D:1      | XOM: give mutations
   350 | D:1      | Gained mutation: You possess an exceptional clarity of
                  | mind. [Xom's mischief]
   350 | D:1      | Gained mutation: You occasionally lose the ability to drink
                  | potions when taking damage. [Xom's mischief]
   350 | D:1      | Lost mutation: You possess an exceptional clarity of mind.
                  | [Xom's mischief]
   364 | D:1      | Found a faded altar of an unknown god.
   425 | D:1      | XOM: stat loss: -1 Int (12/13)
   511 | D:1      | Reached XP level 3. HP: 34/39 MP: 3/3
   574 | D:1      | XOM: silly message
   579 | D:1      | XOM: torment (21/39 hp)
   996 | D:2      | XOM: polymorph quokka -> endoplasm
  1036 | D:2      | XOM: silly message
  1290 | D:2      | Reached XP level 4. HP: 36/48 MP: 4/4
  1665 | D:3      | XOM: blink monster(s)
  1674 | D:3      | XOM: divination: magic mapping
  1696 | D:3      | XOM: god gift: amethyst potion {god gift}
  1698 | D:3      | XOM: smoke on damage
  1700 | D:3      | Lost mutation: You occasionally lose the ability to drink
                  | potions when taking damage. [potion of mutation]
  1700 | D:3      | Gained mutation: You are clumsy. (Dex -2) [potion of
                  | mutation]
  1700 | D:3      | Gained mutation: You are vulnerable to cold. (rC-) [potion
                  | of mutation]
  1700 | D:3      | Gained mutation: You are frail. (-10% HP) [potion of
                  | mutation]
  1700 | D:3      | Gained mutation: You have sharp toenails. [potion of
                  | mutation]
  1702 | D:3      | XOM: cast spell 'Iskenderun's Battlesphere'
  1723 | D:3      | Reached skill level 5 in Unarmed Combat
  1723 | D:3      | Reached XP level 5. HP: 28/48 MP: 5/5
  1967 | D:3      | XOM: god gift: shortbow {god gift}
  1994 | D:3      | XOM: god gift: staff of alchemy
  2046 | D:3      | XOM: cloud trail
  2165 | D:3      | XOM: 11-stop teleportation journey
  2534 | D:3      | Found a snail-covered altar of Cheibriados.
  2623 | D:4      | Noticed a phantom
  2626 | D:4      | XOM: 5-stop teleportation journey
  2672 | D:4      | Found a broken altar of Ashenzari.
  2672 | D:4      | Found a hazy altar of Hepliaklqana.
  2743 | D:4      | Reached XP level 6. HP: 55/55 MP: 6/6
  3063 | D:4      | XOM: god gift: phantom mirror
  3137 | D:4      | XOM: silly message
  3208 | D:4      | Reached skill level 1 in Evocations
  3428 | D:5      | Entered Level 5 of the Dungeon
  3441 | D:5      | You fall into a shaft and drop 3 floors!
  3463 | D:8      | XOM: potion effect (invisibility)
  3466 | D:8      | Reached XP level 7. HP: 19/63 MP: 7/7
  3676 | D:8      | Noticed a steam dragon
  3683 | D:8      | Noticed a two-headed ogre
  3683 | D:8      | XOM: potion effect (invisibility)
  3747 | D:7      | Noticed a small abomination
  3748 | D:7      | Noticed lordive's ghost (novice TrSh)
  3754 | D:7      | Noticed an occultist
  3770 | D:7      | Noticed a green ugly thing
  3822 | D:7      | Noticed a brown ugly thing
  3829 | D:7      | Noticed a small abomination
  3840 | D:7      | Found a staircase to the Ecumenical Temple.
  3861 | D:7      | Found a transporter.
  3882 | D:7      | Reached skill level 5 in Fighting
  3953 | D:7      | Found a transporter.
  4082 | D:7      | Reached XP level 8. HP: 22/74 MP: 8/8
  4183 | D:7      | XOM: divination: detect creatures
  4309 | D:7      | XOM: confusion (+ monsters)
  4315 | D:7      | XOM: 1-stop teleportation journey
  4547 | D:7      | XOM: summons 1 hostile shadow creature
  4548 | D:7      | Noticed a hornet
  4969 | D:7      | XOM: noise
  5013 | D:7      | Learned a level 3 spell: Summon Ice Beast
  5018 | D:7      | Learned a level 4 spell: Animate Armour
  5173 | D:7      | Noticed Menkaure
  5179 | D:7      | Killed Menkaure
  5204 | D:7      | Noticed Prince Ribbit
  5220 | D:7      | Killed Prince Ribbit
  5221 | D:7      | Reached skill level 1 in Spellcasting
  5221 | D:7      | Reached skill level 1 in Summonings
  5359 | D:6      | Reached XP level 9. HP: 76/83 MP: 11/11
  5654 | D:5      | XOM: silly message
  5679 | D:5      | Found an iron altar of Okawaru.
  5682 | D:5      | XOM: potion effect (haste)
  5683 | D:5      | XOM: smoke on damage
  5931 | D:5      | Identified the +0 falchion of Distant Shores {venom, rC+
                  | Str+5 Int-3}
  6070 | D:5      | XOM: butterfly on damage
  6413 | D:5      | XOM: smoke on damage
  6455 | D:5      | XOM: silly message
  6546 | D:5      | Noticed a two-headed ogre
  6548 | D:5      | XOM: silly message
  6551 | D:5      | Mangled by a two-headed ogre

Illustrated notes

Levels and vault maps discovered:
D:1:      tekkud_arrival_beachfront_property, layout_basic,
          hellmonk_ecumenical_altar_crossroads
D:2:      layout_basic
D:3:      layout_basic, marbit_many_paths, grunt_decor_fettered
D:4:      layout_gridville, gammafunk_temple_overflow_pools
D:5:      layout_loops_ring, okawaru_gym_becter, chequers_big_river,
          minmay_manual_maat
D:6:      layout_basic, dreamdust_divine_triumvirate, uniq_grinder
D:7:      layout_loops_ring, temple_hall, gammafunk_ghost_abyssal_escape,
          uniq_menkaure, uniq_prince_ribbit1
D:8:      layout_basic, mainiacjoe_overflow_alcove_2,
          mainiacjoe_overflow_alcove_1, tgw_fedhas

Skill      XL: |  1  2  3  4  5  6  7  8  9 |
---------------+----------------------------+-----
Unarmed Combat | 3 4 5 6 7 8 |  8.1
Evocations     | 1 2 4 |  4.4
Fighting       | 5 7 8 |  8.1
Spellcasting   | 1 2 |  2.8
Summonings     | 1 2 |  2.3
Dodging        | |  2.1
Ice Magic      | |  0.7
Earth Magic    | |  0.7

Action                     |  1- 3 |  4- 6 |  7- 9 || total
---------------------------+-------+-------+-------++-------
  Melee: Unarmed           |   116 |   158 |   138 ||   412
         Headbutt          |    18 |    17 |    24 ||    59
         Punch             |     5 |     7 |     4 ||    16
         Kick              |       |    19 |    59 ||    78
         Falchion          |       |       |    48 ||    48
  Throw: Javelin           |       |     1 |       ||     1
  Evoke: Phantom mirror    |       |       |     3 ||     3
    Use: Scroll            |     3 |     3 |     4 ||    10
         Potion            |       |    10 |     1 ||    11
   Stab: Paralysed         |       |       |     2 ||     2
 Armour: Robe              |    71 |    92 |   164 ||   327
         Skin              |       |    16 |       ||    16
  Dodge: Dodged            |    48 |    55 |    67 ||   170
